 Dungeon Crawl Stone Soup version 0.28.0-45-g0d030f2227 (webtiles) character file.

Game seed: 6162694687546842193

1131 101zpm the Gusty (level 8, -29/58 HPs)
             Began as a Gnoll Air Elementalist on Apr 23, 2022.
             Killed from afar by an acid dragon (34 damage)
             ... with a splash of acid
             ... on level 6 of the Dungeon.
             The game lasted 00:21:07 (5931 turns).

101zpm the Gusty (Gnoll Air Elementalist)           Turns: 5931, Time: 00:21:08

Health: -29/58     AC:  0    Str: 16    XL:     8   Next: 36%
Magic:  9/17       EV: 18    Int: 16    God:
Gold:   160        SH:  0    Dex: 12    Spells: 9/19 levels left

rFire   . . .      SeeInvis +   c - +5 whip "101zpm's Death" {vorpal, rC+ Str+7 SInv}
rCold   + . .      Faith    .   (no shield)
rNeg    . . .      Spirit   .   a - +0 robe
rPois   .          Reflect  .   (no helmet)
rElec   .          Harm     .   (no cloak)
rCorr   .          Rampage  .   (no gloves)
Will    +....                   i - +0 pair of boots
Stlth   +++.......              m - amulet of the acrobat
HPRegen 0.19/turn               f - ring of willpower
MPRegen 0.15/turn               j - +4 ring of evasion

@: corroded
A: fangs 1, strong nose, distributed training
a: no special abilities


You were on level 6 of the Dungeon.
You visited 1 branch of the dungeon, and saw 7 of its levels.

You collected 160 gold pieces.

Inventory:

Hand Weapons
 c - the +5 whip "101zpm's Death" (weapon) {vorpal, rC+ Str+7 SInv}
   (You found it on level 2 of the Dungeon)

   It inflicts extra damage upon your enemies.
   Str:       It affects your strength (+7).
   rC:        It protects you from cold.
   SInv:      It lets you see invisible.
Missiles
 b - a throwing net
Armour
 a - a +0 robe (worn)
 i - a +0 pair of boots (worn)
Jewellery
 f - a ring of willpower (left hand)
 j - a +4 ring of evasion (right hand)
 m - an amulet of the acrobat (around neck)
Scrolls
 e - 2 scrolls of vulnerability {unknown}
 g - 3 scrolls of identify {unknown}
 l - a scroll of immolation {unknown}
 q - a scroll of magic mapping {unknown}
Potions
 d - a potion of attraction {unknown}
 h - 2 potions of curing {unknown}
 k - a potion of cancellation {unknown}
 n - a potion of haste {unknown}
 o - a potion of resistance {unknown}
 p - a potion of flight {unknown}


   Skills:
 + Level 3.2 Fighting
 + Level 3.2 Short Blades
 + Level 3.2 Long Blades
 + Level 3.2 Axes
 + Level 3.2 Maces & Flails
 + Level 3.2 Polearms
 + Level 3.2 Staves
 + Level 3.2 Slings
 + Level 3.2 Bows
 + Level 3.2 Crossbows
 + Level 3.2 Throwing
 + Level 3.2 Armour
 + Level 5.6 Dodging
 + Level 5.3 Stealth
 + Level 3.2 Shields
 + Level 3.2 Unarmed Combat
 + Level 6.0 Spellcasting
 + Level 3.4 Conjurations
 + Level 2.6 Hexes
 + Level 2.6 Summonings
 + Level 2.6 Necromancy
 + Level 2.6 Translocations
 + Level 2.6 Transmutations
 + Level 2.6 Fire Magic
 + Level 2.6 Ice Magic
 + Level 6.1 Air Magic
 + Level 2.6 Earth Magic
 + Level 2.6 Poison Magic
 + Level 3.5 Invocations
 + Level 3.2 Evocations


You had 9 spell levels left.
You knew the following spells:

 Your Spells              Type           Power      Damage    Failure   Level
a - Shock                 Conj/Air       80%        1d8       1%          1
b - Static Discharge      Conj/Air       20%        N/A       3%          2
c - Airstrike             Air            12%        N/A       11%         4
d - Summon Guardian Gole  Hex/Summ       13%        N/A       14%         3

Your spell library contained the following spells:

 Spells                   Type           Power      Damage    Failure   Level
 Swiftness                Air            24%        N/A       3%          3
 Summon Small Mammal      Summ           52%        N/A       4%          1
 Call Canine Familiar     Summ           13%        N/A       14%         3


Dungeon Overview and Level Annotations

Branches:
Dungeon (7/15)
 Temple: D:4-7

Altars:
Xom


Innate Abilities, Weirdness & Mutations

You have very sharp teeth.
Your uncanny sense of smell can sniff out nearby items.
Your experience applies equally to all skills.


Message History

The zap misses the acid dragon.
The acid dragon spits acid at you. The splash of acid hits you!!
* * * LOW HITPOINT WARNING * * *
The acid corrodes you!
You hit the acid dragon but do no damage.
The acid dragon is lightly wounded.
The acid dragon barely misses you. The acid dragon misses you.
You barely miss the acid dragon.
You bite the acid dragon, but do no damage.
The acid dragon is lightly wounded.
The acid dragon bites you.
* * * LOW HITPOINT WARNING * * *
The acid dragon misses you.
You closely miss the acid dragon. Your bite misses the acid dragon.
The acid dragon is lightly wounded.
You hit the acid dragon.
The acid dragon is moderately wounded.
The acid dragon bites you.
* * * LOW HITPOINT WARNING * * *
The acid dragon misses you.
Casting: Shock (safe; 1% risk of failure)
Confirm with . or Enter, or press ? or * to list all spells.
The acid dragon is struck by an arc of lightning!
The acid dragon is heavily wounded.
You are struck by an arc of lightning.
* * * LOW HITPOINT WARNING * * *
The lightning grounds out.
The acid dragon barely misses you. The acid dragon completely misses you.
Casting: Static Discharge (safe; 3% risk of failure)
Confirm with . or Enter, or press ? or * to list all spells.
The acid dragon is struck by an arc of lightning.
The acid dragon is severely wounded.
You are struck by an arc of lightning.
* * * LOW HITPOINT WARNING * * *
The lightning grounds out.
The acid dragon spits acid at you. The splash of acid hits you!!
Ouch! That really hurt!
You die...

#......########".....###.###
#....................#......
#....#.########.........####
####.#.##.........#.##.##
#.#>##.#####...#.#..#
#.#..)...........#.##
#....#.#######.....#
####.#.#.......##### #
#.#.#@#####.# ... ..#<#D#
#.# #..#####.# #.#
#...D....# #.# #.########
#.# ∆ #.# .#


You could see an acid dragon (catching breath).

Vanquished Creatures
  A water moccasin (D:7)
  An orc warrior (D:2)
  A necrophage (D:4)
  A centaur (D:6)
  A bullfrog (D:3)
  A water moccasin zombie (D:7)
  2 wyvern skeletons
  2 howler monkeys (D:7)
  A centaur zombie (D:7)
  A hound (D:6)
  A bullfrog skeleton (D:4)
  An iguana (D:6)
  Natasha (D:2)
  3 orc wizards (D:4)
  Robin (D:3)
  4 gnolls (D:3)
  A howler monkey skeleton (D:7)
  4 adders
  A worm (D:2)
  2 dart slugs
  3 orcs
  2 bats (D:2)
  9 endoplasms
  A giant cockroach (D:2)
  17 goblins
  10 hobgoblins
  5 jackals
  5 kobolds
  3 quokkas
  2 ball pythons
  2 frilled lizards (D:2)
  2 rats
  A toadstool (D:1)
93 creatures vanquished.

Vanquished Creatures (others)
  Blork the orc (D:4)
  3 toadstools (D:1)
4 creatures vanquished.

Grand Total: 97 creatures vanquished

Notes
Turn   | Place    | Note
-------+----------+-------------------------------------------
     0 | D:1      | 101zpm the Gnoll Air Elementalist began the quest for the
                  | Orb.
     0 | D:1      | Reached XP level 1. HP: 13/13 MP: 6/6
   133 | D:2      | Reached XP level 2. HP: 13/19 MP: 0/7
   293 | D:2      | Learned a level 2 spell: Static Discharge
   299 | D:2      | Identified the +5 whip "101zpm's Death" {vorpal, rC+ Str+7
                  | SInv}
   642 | D:2      | Reached XP level 3. HP: 25/25 MP: 9/9
   682 | D:2      | Reached skill level 5 in Spellcasting
   859 | D:2      | Noticed Natasha
   864 | D:2      | Killed Natasha
   865 | D:2      | Reached skill level 1 in Fighting
   865 | D:2      | Reached skill level 1 in Short Blades
   865 | D:2      | Reached skill level 1 in Long Blades
   865 | D:2      | Reached skill level 1 in Axes
   865 | D:2      | Reached skill level 1 in Maces & Flails
   865 | D:2      | Reached skill level 1 in Polearms
   865 | D:2      | Reached skill level 1 in Staves
   865 | D:2      | Reached skill level 1 in Slings
   865 | D:2      | Reached skill level 1 in Bows
   865 | D:2      | Reached skill level 1 in Crossbows
   865 | D:2      | Reached skill level 1 in Throwing
   865 | D:2      | Reached skill level 1 in Armour
   865 | D:2      | Reached skill level 1 in Shields
   865 | D:2      | Reached skill level 1 in Unarmed Combat
   865 | D:2      | Reached skill level 1 in Invocations
   865 | D:2      | Reached skill level 1 in Evocations
   870 | D:2      | Reached XP level 4. HP: 25/32 MP: 11/11
  1690 | D:3      | Reached skill level 1 in Hexes
  1690 | D:3      | Reached skill level 1 in Summonings
  1690 | D:3      | Reached skill level 1 in Necromancy
  1690 | D:3      | Reached skill level 1 in Translocations
  1690 | D:3      | Reached skill level 1 in Transmutations
  1690 | D:3      | Reached skill level 1 in Fire Magic
  1690 | D:3      | Reached skill level 1 in Ice Magic
  1690 | D:3      | Reached skill level 1 in Earth Magic
  1690 | D:3      | Reached skill level 1 in Poison Magic
  2246 | D:3      | Reached XP level 5. HP: 37/37 MP: 6/12
  2738 | D:3      | Noticed Robin
  2747 | D:3      | Killed Robin
  3181 | D:3      | Reached XP level 6. HP: 8/44 MP: 4/13
  3469 | D:4      | Learned a level 4 spell: Airstrike
  3473 | D:4      | Learned a level 3 spell: Summon Guardian Golem
  3566 | D:4      | Noticed Blork the orc
  3566 | D:4      | Noticed an orc warrior
  3667 | D:4      | Killed Blork the orc
  3668 | D:4      | Reached skill level 5 in Dodging
  3765 | D:4      | Noticed a necrophage
  3768 | D:4      | Killed a necrophage
  3769 | D:4      | Reached XP level 7. HP: 50/50 MP: 2/15
  4440 | D:5      | Entered Level 5 of the Dungeon
  5045 | D:7      | Reached skill level 5 in Stealth
  5242 | D:7      | Found a shimmering altar of Xom.
  5384 | D:7      | Reached XP level 8. HP: 27/58 MP: 3/16
  5931 | D:6      | Killed from afar by an acid dragon

Illustrated notes

Levels and vault maps discovered:
D:1:      ldierk_water_garden, layout_basic, basic_ecumenical_altar,
          minmay_pentomino_v4
D:2:      layout_basic, chequers_jeans, due_unseen_surprise, uniq_natasha
D:3:      kennysheep_goblin_castle, layout_basic, serial_rivers,
          chequers_serial_rivers_room_b, chequers_serial_rivers_large_b,
          chequers_serial_rivers_marsh, chequers_serial_rivers_micro_e,
          minmay_crystal_water, grunt_decor_resistance
D:4:      nicolae_cairo_tiling_very_big, layout_gridville,
          ebering_ghost_reflecting_pool, uniq_blork_the_orc
D:5:      kennysheep_spiral_hall, layout_basic, nemelex_spade_bored_becter,
          minmay_temple_entry_antechambers,
          nicolae_concentric_dashed_squares_mild
D:6:      layout_basic
D:7:      wad_pebble_path, layout_rooms, mainiacjoe_overflow_paths

Skill      XL: |  1  2  3  4  5  6  7  8 |
---------------+-------------------------+-----
Conjurations   | 2 3 |  3.4
Spellcasting   | 5 6 |  6.0
Fighting       | 1 2 3 |  3.2
Short Blades   | 1 2 3 |  3.2
Long Blades    | 1 2 3 |  3.2
Axes           | 1 2 3 |  3.2
Maces & Flails | 1 2 3 |  3.2
Polearms       | 1 2 3 |  3.2
Staves         | 1 2 3 |  3.2
Slings         | 1 2 3 |  3.2
Bows           | 1 2 3 |  3.2
Crossbows      | 1 2 3 |  3.2
Throwing       | 1 2 3 |  3.2
Armour         | 1 2 3 |  3.2
Shields        | 1 2 3 |  3.2
Unarmed Combat | 1 2 3 |  3.2
Invocations    | 1 2 3 |  3.5
Evocations     | 1 2 3 |  3.2
Hexes          | 1 2 |  2.6
Summonings     | 1 2 |  2.6
Necromancy     | 1 2 |  2.6
Translocations | 1 2 |  2.6
Transmutations | 1 2 |  2.6
Fire Magic     | 1 2 |  2.6
Ice Magic      | 1 2 |  2.6
Earth Magic    | 1 2 |  2.6
Poison Magic   | 1 2 |  2.6
Dodging        | 5 |  5.6
Stealth        | 5 |  5.3
Air Magic      | 6 |  6.1

Action                   |  1- 3 |  4- 6 |  7- 9 || total
-------------------------+-------+-------+-------++-------
Melee: Unarmed           |     1 |       |       ||     1
       Punch             |     1 |       |       ||     1
       Whip              |    20 |    52 |    26 ||    98
       Bite              |     1 |     2 |     1 ||     4
 Cast: Shock             |    15 |    54 |    25 ||    94
       Static Discharge  |       |     6 |     2 ||     8
       Airstrike         |       |     5 |    21 ||    26
       Summon Guardian G |       |     2 |       ||     2
 Stab: Sleeping          |     4 |     7 |       ||    11
Armor: Robe              |     5 |    11 |     2 ||    18
Dodge: Dodged            |     9 |    47 |    29 ||    85
